 Dungeon Crawl Stone Soup version 0.17.2-1-ge4368a0 (webtiles) character file.

17 Goblin1989 the Vexing (level 2, -6/22 HPs)
             Began as a Human Enchanter on Jan 7, 2017.
             Killed by nerve-wracking pain
             ... invoked by an orc priest
              (12 damage)
             ... on level 3 of the Dungeon.
             The game lasted 00:03:48 (302 turns).

Goblin1989 the Vexing (Human Enchanter)              Turns: 302, Time: 00:03:48

Health: -6/22      AC:  3    Str:  8    XL:     2   Next: 80%
Magic:  3/5        EV: 15    Int: 18    God:
Gold:   10         SH:  0    Dex: 13    Spells: 1 memorised, 4 levels left

rFire  . . .     SeeInvis .     a - +1 dagger
rCold  . . .     Clarity  .     b - +1 robe
rNeg   . . .     SustAt   .     (no shield)
rPois  .         Gourm    .     (no helmet)
rElec  .         Spirit   .     (no cloak)
rCorr  .         Warding  .     (no gloves)
rMut   .         Stasis   .     (no boots)
MR     .....                    (no amulet)
Stlth  ++........               g - +3 ring of evasion
                                h - +3 ring of intelligence

@: not resistant to hostile enchantments, unstealthy
A: no striking features
a: no special abilities


You were on level 3 of the Dungeon.
You were not hungry.

You visited 1 branch of the dungeon, and saw 3 of its levels.

You collected 10 gold pieces.

Inventory:

Hand Weapons
 a - a +1 dagger (weapon)
 i - a +0 hand axe
Armour
 b - a +1 robe (worn)
 l - a +0 ring mail
Jewellery
 g - a +3 ring of evasion (right hand)
 h - a +3 ring of intelligence (left hand)
Scrolls
 m - a scroll of identify {unknown}
Potions
 e - a potion of brilliance {unknown}
 f - a potion of curing {unknown}
Books
 c - a book of Maledictions

   Spells                             Type                      Level
   a - Corona                         Hexes                        1
   b - Ensorcelled Hibernation        Hexes/Ice                    2
   c - Confuse                        Hexes                        3
   d - Tukima's Dance                 Hexes                        3
   e - Dazzling Spray                 Conjuration/Hexes            3
 j - a book of Minor Magic {@w0}

   Spells                             Type                      Level
   a - Magic Dart                     Conjuration                  1
   b - Blink                          Translocation                2
   c - Call Imp                       Summoning                    2
   d - Repel Missiles                 Charms/Air                   2
   e - Slow                           Hexes                        2
   f - Conjure Flame                  Conjuration/Fire             3
   g - Mephitic Cloud                 Conjuration/Poison/Air       3
Comestibles
 d - 2 bread rations {@e1}
 k - a royal jelly


   Skills:
 + Level 2.1 Fighting
 - Level 1.0 Short Blades
 * Level 0.0 Axes
 + Level 0.2 Armour
 - Level 2.0 Dodging
 - Level 3.0 Stealth
 - Level 2.0 Spellcasting
 - Level 3.0 Hexes


You had 4 spell levels left.
You knew the following spells:

 Your Spells              Type           Power        Failure   Level  Hunger
a - Corona                Hex            ##.....      6%          1    #......


Dungeon Overview and Level Annotations

Branches:
Dungeon (3/15)

Altars:
Fedhas


Message History

Confirm with . or Enter, or press ? or * to list all spells.
Aiming: Corona
Press: ? - help, Shift-Dir - straight line, f - orc priest
Aim: an orc priest, wearing a dyed leather armour (chance to defeat MR: 49%)
The orc priest is outlined in light.
You now have 3/5 mp.
You hit the orc priest.
The orc priest is lightly wounded.
The orc priest hits you.
* * * LOW HITPOINT WARNING * * *
You take 3 damage, and have 6/22 hp.
You hit the orc priest but do no damage.
The orc priest misses you.
Unknown command.
You barely miss the orc priest. The orc priest closely misses you.
You completely miss the orc priest.
The orc priest calls down the wrath of Beogh upon you.
Pain shoots through your body!
Ouch! That really hurt!
You die... ███.█.█.. █.█ ██████

█.█ ███ █.█
█..... █.█
█.███.....
█.█
█.........
█.█
█.....█.████
█.█
█.███.█.....
█.█ █▲
█.██████ █.█
..█ █@█ ...


█o█ .... █o. ..... ████ You could see an orc priest and an orc.

Vanquished Creatures
  An adder (D:2)
  A giant gecko (D:1)
  2 orcs (D:3)
  A goblin (D:1)
  A kobold (D:1)
  2 giant newts (D:2)
8 creatures vanquished.

Notes
Turn   | Place    | Note
--------------------------------------------------------------
     0 | D:1      | Goblin1989 the Human Enchanter began the quest for the Orb.
     0 | D:1      | Reached XP level 1. HP: 13/13 MP: 3/3
    67 | D:1      | Reached skill level 1 in Fighting
   101 | D:2      | Found a blossoming altar of Fedhas.
   162 | D:3      | Reached XP level 2. HP: 21/21 MP: 5/5
   292 | D:3      | Noticed an orc priest
   302 | D:3      | Killed from afar by an orc priest

Action                   || total
-------------------------++-------
Melee: Dagger            ||    27
 Cast: Corona            ||     4
 Stab: Sleeping          ||     1

Vault maps used:
D:1:      dpeg_arrival_concentric_ovals
D:2:      fedhas_altar_1
D:3:      lemuel_round_altar, uniq_natasha
